 Dungeon Crawl Stone Soup version 0.17.1-3-g152610e (webtiles) character file.

408 hannobal the Slasher (level 6, -6/39 HPs)
             Began as an Octopode Assassin on Apr 17, 2016.
             Was an Initiate of Dithmenos.
             Mangled by an ogre
             ... wielding a +0 giant club
              (28 damage)
             ... on level 5 of the Dungeon.
             The game lasted 00:15:08 (5123 turns).

hannobal the Slasher (Octopode Assassin)            Turns: 5123, Time: 00:15:08

Health: -6/39      AC:  1    Str: 11      XL:     6   Next: 88%
Magic:  6/6        EV: 12    Int: 13      God:    Dithmenos [......]
Gold:   251        SH:  0    Dex: 14 (15) Spells: 0 memorised, 5 levels left

rFire  . . .     SeeInvis .     b - +1 long sword (elec)
rCold  . . .     Clarity  .     (no shield)
rNeg   . . .     SustAt   .     (helmet restricted)
rPois  .         Gourm    +     j - amulet of the gourmand
rElec  .         Spirit   .     r - ring of loudness (curse)
rCorr  .         Warding  .     (no ring)
rMut   .         Stasis   .     (no ring)
MR     .....                    (no ring)
Stlth  +++.......               (no ring)
                                (no ring)
                                (no ring)
                                (no ring)

@: not resistant to hostile enchantments, fairly stealthy
A: almost no armour, amphibious, 8 rings, constrict 8, camouflage 1, gelatinous
body 1
a: Renounce Religion


You were on level 5 of the Dungeon.
You worshipped Dithmenos.
Dithmenos was noncommittal.
You were full.

You visited 2 branches of the dungeon, and saw 6 of its levels.

You collected 251 gold pieces.

Inventory:

Hand Weapons
 a - a +2 dagger
 b - a +1 long sword of electrocution (weapon)
 m - a +1 blowgun
 o - a +0 short sword
 w - a +0 hunting sling
 x - a +0 long sword
Missiles
 c - 18 poisoned needles
 h - 89 stones (quivered)
 n - 10 bolts
 p - 51 arrows
 y - 16 arrows of frost
Jewellery
 j - an amulet of the gourmand (around mantle)
 r - a cursed ring of loudness (left tentacle)
Wands
 A - a wand of paralysis (13)
Scrolls
 g - 4 scrolls of teleportation
 l - 4 scrolls of enchant weapon
 s - 2 scrolls of identify
 t - a scroll of enchant armour
 z - a scroll of fear {unknown}
Potions
 i - 2 potions of curing
 k - 2 potions of agility
 v - a potion of magic {unknown}
Books
 q - a book of Spatial Translocations

   Spells                             Type                      Level
   a - Apportation                    Translocation                1
   b - Blink                          Translocation                2
   c - Shroud of Golubria             Charms/Translocation         2
   d - Portal Projectile              Translocation                3
   e - Teleport Other                 Translocation                3
   f - Passage of Golubria            Translocation                4
Comestibles
 e - 6 bread rations
 f - 3 meat rations
 u - a slice of pizza


   Skills:
 - Level 2.0 Fighting
 - Level 3.0(4.6) Short Blades
 + Level 5.5(5.9) Long Blades
 - Level 0.2(1.9) Slings
 - Level 3.2 Throwing
 - Level 1.6 Dodging
 - Level 5.3 Stealth


You had 5 spell levels left.
You didn't know any spells.

Dungeon Overview and Level Annotations

Branches:
Dungeon (5/15)             Temple (1/1) D:4

Altars:
Ashenzari
Dithmenos
Fedhas
Gozag
Kikubaaqudgha
Makhleb
Nemelex Xobeh
Qazlal
Ru
Trog
Vehumet
Xom
Zin
The Shining One

Annotations:
D:3 Tobisume's ghost, amateur DsGl
D:4 exclusions: orc priest and 1 more exclusion, Tobisume's ghost, novice DsGl
D:5 exclusion: upstairs, Tobisume's ghost, amateur DsGl


Innate Abilities, Weirdness & Mutations

You cannot wear most types of armour.
You are amphibious.
You can wear up to eight rings at the same time.
You can use your tentacles to constrict eight enemies at once.
Your skin changes colour to match your surroundings (Stealth).
Your rubbery body absorbs attacks (AC +1).


Message History

Firing (i - inventory. (,) - cycle):
d - 2 curare-tipped needles (quivered)
Press: ? - help, Shift-Dir - straight line, f - ogre
Aim: an ogre, wielding a giant club You shoot a curare-tipped needle.
The curare-tipped needle barely misses the ogre.
Firing (i - inventory. (,) - cycle):
d - a curare-tipped needle (quivered)
Press: ? - help, Shift-Dir - straight line, f/p - ogre
Aim: an ogre, wielding a giant club You shoot a curare-tipped needle.
The curare-tipped needle barely misses the ogre.
a - a +2 dagger (weapon)
Wield which item (- for none, * to show all)? (? for menu, Esc to quit)
Okay, then.
You hear the crackle of electricity.
b - a +1 long sword of electrocution (weapon)
The ogre hits you with a giant club!
You are too injured to fight recklessly!
The ogre hits you with a giant club!!
Ouch! That really hurt!
You die...

#..........#####.#
##.........###...##
.#........###⌠.⌠..##
...........#.._....##
.............⌠.⌠....#
.......^............#
#..<................#
#........[..........#
##..............@...#
##......##......O..#
#########.........#
#.......!$#
#.........#
#...[.....#
##.......## ##.....##
######


You could see an ogre.

Vanquished Creatures
  An ogre (D:4)
  A crimson imp (D:5)
  A hound (D:4)
  An iguana (D:5)
  A worker ant (D:5)
  4 adders
  A gnoll (D:1)
  2 shadow imps (D:5)
  3 adder skeletons
  2 worms
  A giant gecko (D:3)
  9 orcs
  A ball python (D:2)
  17 bats
  3 giant cockroaches
  8 goblins
  6 hobgoblins
  3 jackals (D:4)
  3 kobolds
  3 quokkas
  4 giant newts
  7 rats
82 creatures vanquished.

Notes
Turn   | Place    | Note
--------------------------------------------------------------
     0 | D:1      | hannobal the Octopode Assassin began the quest for the Orb.
     0 | D:1      | Reached XP level 1. HP: 14/14 MP: 1/1
   142 | D:1      | Reached XP level 2. HP: 19/19 MP: 2/2
   440 | D:1      | Reached XP level 3. HP: 24/24 MP: 3/3
  1380 | D:2      | Reached XP level 4. HP: 29/29 MP: 4/4
  1932 | D:3      | Reached skill level 1 in Long Blades
  2184 | D:3      | Noticed Tobisume's ghost (amateur DsGl)
  2291 | D:3      | Found an opulent altar of Gozag.
  2880 | D:3      | Found a bloodstained altar of Trog.
  2916 | D:4      | Noticed an ogre
  2924 | D:4      | Killed an ogre
  2924 | D:4      | Reached XP level 5. HP: 34/34 MP: 5/5
  3125 | D:4      | Reached XP level 6. HP: 39/39 MP: 6/6
  3408 | D:4      | Noticed Tobisume's ghost (novice DsGl)
  3850 | D:4      | Found a staircase to the Ecumenical Temple.
  3865 | D:5      | Entered Level 5 of the Dungeon
  3979 | D:5      | Found a sparkling altar of Nemelex Xobeh.
  4045 | D:5      | Reached skill level 5 in Long Blades
  4059 | D:5      | Noticed Tobisume's ghost (amateur DsGl)
  4578 | Temple   | Entered the Ecumenical Temple
  4813 | Temple   | Became a worshipper of Dithmenos the Shadowed
  5123 | D:5      | Mangled by an ogre

Action                   |  1- 3 |  4- 6 || total
-------------------------+-------+-------++-------
Melee: Dagger            |    38 |    54 ||    92
       Long sword        |       |    41 ||    41
 Fire: Blowgun           |    15 |     6 ||    21
       Hunting sling     |     3 |       ||     3
  Use: Scroll            |     9 |     1 ||    10
       Potion            |     3 |     1 ||     4
 Stab: Sleeping          |    15 |    24 ||    39
  Eat: Chunk             |     7 |    15 ||    22
